 Dungeon Crawl Stone Soup version bcrawl-1.17.3 (webtiles) character file.

Game seed: 16824072882420129349

123 Chiseanne the Sneak (level 4, -1/35 HPs)
             Began as a Mummy Archaeologist on Oct 25, 2019.
             Slain by a scorpion (4 damage)
             ... on level 4 of the Dungeon.
             The game lasted 00:03:54 (2554 turns).

Chiseanne the Sneak (Mummy Archaeologist)           Turns: 2554, Time: 00:03:55

Health: -1/35      AC:  8    Str: 14    XL:     4   Next: 79%
Magic:  4/4        EV: 10    Int: 14    God:
Gold:   140        SH:  3    Dex: 10    Spells: 3/3 levels left

rFire    x . .     SeeInvis .   a - +0 hand axe
rCold    + . .     Gourm    .   g - +0 buckler
rNeg     + + +     Faith    .   n - +0 ring mail
rPois    ∞         Spirit   .   c - +1 hat
rElec    .         Reflect  .   p - scarf {cloud immunity}
rCorr    .         Harm     .   (no gloves)
MR       .....     Clarity  +   d - +1 pair of boots
Stlth    ++........             (no amulet)
HPRegen  0.11/turn              (no ring)
MPRegen  0.09/turn              (no ring)

@: studying Stealth
A: no food or potions, fire vulnerability, clarity, cold resistance 1, negative
energy resistance 3, torment resistance, unbreathing
a: no special abilities


You were on level 4 of the Dungeon.
You were not hungry.

You visited 1 branch of the dungeon, and saw 4 of its levels.

You collected 140 gold pieces.

Inventory:

Hand Weapons
 a - a +0 hand axe (weapon)
 b - a cursed -2 hand axe
 q - a +0 hunting sling
Missiles
 j - 826 stones (quivered)
 m - 414 bolts
 o - 148 sling bullets
Armour
 c - a +1 hat (worn)
 d - a +1 pair of boots (worn)
 g - a +0 buckler (worn)
 n - a +0 ring mail (worn)
 p - a scarf of cloud immunity (worn)
Jewellery
 i - an uncursed ring of flight {unknown}
Scrolls
 k - 3 scrolls of blinking
Books
 e - a manual of Stealth
Miscellaneous
 f - an ancient crate


   Skills:
 - Level 3.0 Fighting
   Level 0.7 Maces & Flails
 - Level 2.4 Dodging
 + Level 5.4 Stealth


You had 3 spell levels left.
You didn't know any spells.
Your spell library was empty.

Dungeon Overview and Level Annotations

Branches:
Dungeon (4/12)
 Temple: D:4-7

Altars:
Cheibriados
Makhleb
Uskayaw

Annotations:
D:3 Robin


Innate Abilities, Weirdness & Mutations

You do not eat or drink.
Your flesh is vulnerable to fire.
You are immune to poison.
You possess an exceptional clarity of mind.
Your flesh is cold resistant. (rC+)
You are immune to negative energy. (rN+++)
You are immune to unholy pain and torment.
You can survive without breathing.


Message History

* * * LOW HITPOINT WARNING * * *
You block the scorpion's attack.
There is an open door here.
You open the door.
The leopard gecko skeleton barely misses you.
The scorpion stings you!
* * * LOW HITPOINT WARNING * * *
There is an open door here.
You closely miss the scorpion.
The scorpion stings you but does no damage.
The scorpion closely misses you.
You hit the scorpion but do no damage. The scorpion closely misses you.
You hit the scorpion.
The scorpion is lightly wounded.
You block the scorpion's attack.
You completely miss the scorpion.
The scorpion is lightly wounded.
The scorpion stings you but does no damage.
The scorpion stings you.
You die...

. ### ... ##..###
#######..... ##.....##
#.Zs@.......
##.......####'###.......
#.........#.%...#.......
..........#.≈.≈.##..####
..........'.._..+ .##
..........#.≈.≈.# ##
..........#.....#
..........###+###
............#


You could see a scorpion and a leopard gecko skeleton.

Vanquished Creatures
  5 adders
  An ooze (D:3)
  2 worms
  A dart slug (D:2)
  3 leopard geckos (D:1)
  An orc (D:3)
  A giant cockroach (D:2)
  10 goblins
  7 hobgoblins
  8 jackals
  2 quokkas
  6 bats
  2 frilled lizards
  A jackal skeleton (D:3)
  4 kobolds
  4 rats
58 creatures vanquished.

Notes
Turn   | Place    | Note
-------+----------+-------------------------------------------
     0 | D:1      | Chiseanne the Mummy Archaeologist began the quest for the
                  | Orb.
     0 | D:1      | Reached XP level 1. HP: 15/15 MP: 1/1
   303 | D:1      | Reached XP level 2. HP: 21/22 MP: 2/2
   997 | D:2      | Reached XP level 3. HP: 28/29 MP: 3/3
  1015 | D:2      | Reached skill level 3 in Stealth
  1355 | D:2      | Found a hide-covered altar of Uskayaw.
  1356 | D:2      | Found a burning altar of Makhleb.
  1700 | D:3      | Reached skill level 4 in Stealth
  1706 | D:3      | Reached XP level 4. HP: 35/35 MP: 4/4
  2036 | D:3      | Reached skill level 5 in Stealth
  2296 | D:3      | Noticed Robin
  2540 | D:4      | Found a snail-covered altar of Cheibriados.
  2554 | D:4      | Slain by a scorpion

Skill      XL: |  1  2  3  4 |
---------------+-------------+-----
Fighting       | 2 3 |  3.0
Stealth        | 4 5 |  5.4
Maces & Flails | |  0.7
Dodging        | |  2.4

Action                   |  1- 3 |  4- 6 || total
-------------------------+-------+-------++-------
Melee: Hand axe          |   169 |   204 ||   373
  Use: Scroll            |     4 |     2 ||     6
 Stab: Sleeping          |     4 |     1 ||     5
Armor: Robe              |    24 |       ||    24
       Ring mail         |    84 |   128 ||   212
Dodge: Dodged            |   110 |   118 ||   228
Block: Buckler           |    31 |    26 ||    57
